 Dungeon Crawl Stone Soup version 0.29.0-4-gdea44cf6ec (webtiles) character file.

Game seed: 16039114674522836270

70 qw the Chopper (level 4, -3/26 HPs)
             Began as a Tengu Warper on Aug 28, 2022.
             Slain by a gnoll
             ... wielding a +0 flail
              (6 damage)
             ... on level 2 of the Dungeon.
             The game lasted 00:00:10 (1898 turns).

qw the Chopper (Tengu Warper)                       Turns: 1898, Time: 00:00:10

Health: -3/26      AC:  3    Str: 13    XL:     4   Next: 22%
Magic:  8/8        EV: 12    Int: 14    God:
Gold:   143        SH:  0    Dex: 13    Spells: 7/7 levels left

rFire   . . .      SeeInvis .   Y - +1 hand axe
rCold   . . .      Faith    .   (no shield)
rNeg    + . .      Spirit   .   b - +0 leather armour
rPois   .          Reflect  .   (helmet restricted)
rElec   .          Harm     .   (no cloak)
rCorr   .          Rampage  .   (no gloves)
Will    .....                   (boots unavailable)
Stlth   +.........              (no amulet)
HPRegen 0.08/turn               e - ring of positive energy
MPRegen 0.11/turn               (no ring)

@: lethally poisoned (-3 -> -4)
A: beak, talons 3
a: no special abilities


You were on level 2 of the Dungeon.
You visited 1 branch of the dungeon, and saw 2 of its levels.

You collected 143 gold pieces.


Innate Abilities, Weirdness & Mutations

You have a beak for a mouth.
You have claws for feet.


   Skills:
 - Level 2.0 Fighting
 + Level 4.8 Axes
 - Level 1.0 Throwing
 - Level 1.1 Armour
 - Level 2.1 Dodging
 - Level 2.0 Spellcasting
 - Level 2.4 Translocations


You had 7 spell levels left.
You didn't know any spells.
Your spell library contained the following spells:

 Spells                   Type           Power      Damage    Failure   Level
 Blink                    Tloc           16%        N/A       17%         2
 Gell's Gravitas          Tloc           8%         N/A       34%         3
 Lesser Beckoning         Tloc           8%         N/A       34%         3
 Teleport Other           Tloc           8%         N/A       34%         3
 Manifold Assault         Tloc           8%         N/A       97%         5

Inventory:

Hand Weapons
 n - a +0 morningstar
 Y - a +1 hand axe (weapon)
Armour
 b - a +0 leather armour (worn)
Jewellery
 e - a ring of positive energy (left hand)
 g - a ring of fire
 j - the ring of the Saviour {Fly rC+ rCorr AC+4}
   (You found it on level 2 of the Dungeon)

   [ring of protection]

   AC:        It affects your AC (+4).
   rC:        It protects you from cold.
   Fly:       It grants you flight.
   rCorr:     It protects you from acid and corrosion.
Scrolls
 a - 3 scrolls of identify
 i - a scroll of magic mapping {unknown}
Potions
 c - a potion of curing {unknown}
 d - a potion of lignification {unknown}
 f - a potion of heal wounds {unknown}
 h - a potion of haste
 k - a potion of brilliance {unknown}
 l - a potion of resistance {unknown}

Dungeon Overview and Level Annotations

Branches:
Dungeon (2/15)

Altars:
The Shining One


Message History

You see here a scroll of blinking.
You see here 8 stones.
A goblin comes into view. It is wielding a +0 dagger.
Found a short sword.
The goblin shouts!
You hear a shout!
You hit the goblin.
The goblin is moderately wounded.
An adder comes into view.
The goblin barely misses you.
You slash the goblin!
You kill the goblin!
Things that are here:
a +0 dagger; a goblin corpse A gnoll comes into view.
It is wielding a +0 whip.
1889 ||| Stepping ~*~*~tactically~*~*~ (stealth). 2 gnolls come into view.
The gnoll shouts!
The adder bites you.
You are poisoned.
The adder poisons you!
A gnoll comes into view. It is wielding a +0 club.
The adder bites you but does no damage.
The gnoll moves out of view.
Things that are here:
a +0 dagger; a goblin corpse
1891 ||| Stepping ~*~*~tactically~*~*~ (stealth).
The adder attacks as you move away! The adder bites you.
You feel sick.
You barely miss the adder. Your kick misses the adder.
You feel sick. The adder bites you.
You are more poisoned.
The adder poisons you!
You hit the adder. You claw the adder. You peck the adder.
You kill the adder!
You feel very sick.
You start resting.
You feel sick. x4
A gnoll is nearby!
You barely miss the gnoll.
You feel sick. The gnoll hits you with a +0 flail. x2
You die...

#.....#.... #.<<..#....
#..# #.....####. ...
#.....# #. .##..# #.....#
#. gg....####### #.....#
#. .......#....#
#.....####.
.......#.##.###..........
.......#@#(...(..?#####..
#.g.#######>.###....
######........##.###
#.###.#####...#
#.##........#.#
#####......#..#.#.#
#.........#...#.#.#
#.........'..##.#.#
.............#.......#


You could see a gnoll.

Vanquished Creatures
  3 adders (D:2)
  A dart slug (D:1)
  3 endoplasms (D:1)
  3 goblins
  7 hobgoblins
  4 kobolds
  2 quokkas (D:1)
  4 ball pythons
  6 bats
  4 frilled lizards
  3 rats
40 creatures vanquished.

Notes
Turn   | Place    | Note
-------+----------+-------------------------------------------
     0 | D:1      | qw the Tengu Warper began the quest for the Orb.
     0 | D:1      | Reached XP level 1. HP: 12/12 MP: 4/4
     0 | D:1      | 0 ||| qw: Version: 0.1-a-89-g26bdef1
     0 | D:1      | 0 ||| qw: Game counter: 1841
     0 | D:1      | 0 ||| qw: Always use a shield: true
     0 | D:1      | 0 ||| qw: God list: Okawaru
     0 | D:1      | 0 ||| qw: Allow faded altars: false
     0 | D:1      | 0 ||| qw: Do Orc after D:15 true
     0 | D:1      | 0 ||| qw: Do second Lair branch before Depths: true
     0 | D:1      | 0 ||| qw: Lair rune preference: random
     0 | D:1      | 0 ||| qw: Plans: Normal
     0 | D:1      | 0 ||| PLANNING D:1-11
    46 | D:1      | You fall into a shaft and drop 1 floor!
    85 | D:2      | 85 ||| Stepping ~*~*~tactically~*~*~ (stealth).
   266 | D:2      | 266 ||| UPGRADING to ring of positive energy.
   267 | D:2      | 267 ||| READING scroll labelled ANAQOK BEIMAES.
   268 | D:2      | 268 ||| DROPPING scroll of blinking.
   287 | D:1      | Reached skill level 3 in Axes
   287 | D:1      | Reached XP level 2. HP: 17/17 MP: 6/6
   327 | D:1      | 327 ||| Stepping ~*~*~tactically~*~*~ (stealth).
   352 | D:1      | 352 ||| Stepping ~*~*~tactically~*~*~ (stealth).
   594 | D:1      | 594 ||| Stepping ~*~*~tactically~*~*~ (stealth).
   602 | D:1      | 602 ||| Stepping ~*~*~tactically~*~*~ (stealth).
   604 | D:1      | 604 ||| Stepping ~*~*~tactically~*~*~ (stealth).
   605 | D:1      | 605 ||| Stepping ~*~*~tactically~*~*~ (stealth).
   611 | D:1      | Reached XP level 3. HP: 13/21 MP: 7/7
   829 | D:1      | 829 ||| DROPPING +0 club.
   989 | D:1      | 989 ||| READING scroll labelled ENO COVATTYCU.
   990 | D:1      | 990 ||| READING 2 scrolls labelled IBYPON AKLUMIHA.
  1091 | D:1      | 1091 ||| READING scroll labelled UCYWNE IXELI.
  1092 | D:1      | 1092 ||| READING scroll labelled NOZYOFFO VIMUE.
  1093 | D:1      | 1093 ||| READING scroll labelled IHOERU ENILL.
  1094 | D:1      | 1094 ||| DRINKING 2 lumpy black potions.
  1095 | D:1      | 1095 ||| DROPPING scroll of silence.
  1126 | D:2      | Reached skill level 4 in Axes
  1148 | D:2      | Found a glowing golden altar of the Shining One.
  1176 | D:2      | Identified the +6 sling "Anuwirhi" {vorpal, rC+ Will++}
  1198 | D:2      | Identified the ring of the Saviour {Fly rC+ rCorr AC+4}
  1260 | D:2      | 1260 ||| DROPPING +0 whip.
  1591 | D:2      | Reached XP level 4. HP: 26/26 MP: 8/8
  1592 | D:2      | 1592 ||| DROPPING +0 antimagic mace.
  1889 | D:2      | 1889 ||| Stepping ~*~*~tactically~*~*~ (stealth).
  1891 | D:2      | 1891 ||| Stepping ~*~*~tactically~*~*~ (stealth).
  1898 | D:2      | HP: 3/26 [gnoll/+0 flail (4)]
  1898 | D:2      | Slain by a gnoll

Levels and vault maps discovered:
D:1:      lightli_arrival_noodles, layout_basic, amcnicky_mini_corridor_feature,
          minmay_tromino_v4_b
D:2:      minmay_general_purpose_star, layout_basic, basic_altar

Skill      XL: |  1  2  3 |
---------------+----------+-----
Axes           | 3 4 |  4.8
Fighting       | |  2.0
Throwing       | |  1.0
Armour         | |  1.1
Dodging        | |  2.1
Spellcasting   | |  2.0
Translocations | |  2.4

Action                   |  1- 3 |  4- 6 || total
-------------------------+-------+-------++-------
Melee: Hand axe          |    62 |     8 ||    70
       Kick              |    13 |     2 ||    15
       Peck              |    12 |     1 ||    13
Throw: Boomerang         |     7 |       ||     7
  Use: Scroll            |     6 |       ||     6
       Potion            |     1 |       ||     1
Armor: Leather armour    |    10 |     1 ||    11
Dodge: Dodged            |    23 |     2 ||    25

Table legend:
 A = Non-vault XP
 B = Vault XP
 C = Vault XP percentage of total XP
 D = Non-vault monster count
 E = Vault monster count
 F = Vault count percentage of total count
                 A         B        C        D         E       F
            +---------+---------+-------+---------+---------+-------
      Total |      96 |       5 |   5.0 |      36 |       4 |  10.0
            +---------+---------+-------+---------+---------+-------
        D:1 |      32 |       3 |   8.6 |      20 |       2 |   9.1
        D:2 |      64 |       2 |   3.0 |      16 |       2 |  11.1
            +---------+---------+-------+---------+---------+-------
